 Dungeon Crawl Stone Soup version 0.31-a0-460-g9e667d4245 (console) character file.

Game seed: 16887000896384138846

2207 jejorda2 the Chopper (level 9, -4/74 HPs)
             Began as a Gnoll Berserker on Aug 4, 2023.
             Was a Priest of Trog.
             Slain by Menkaure (15 damage)
             ... on level 7 of the Dungeon.
             The game lasted 00:11:46 (5283 turns).

jejorda2 the Chopper (Gnoll Berserker)              Turns: 5283, Time: 00:11:47

Health: -4/74      AC: 14    Str: 22    XL:     9   Next: 34%
Magic:  15/15      EV:  8    Int:  6    God:    Trog [***...]
Gold:   228        SH:  0    Dex: 11    Spells: 16/16 levels left

rFire   . . .        a - +2 flail (drain)
rCold   . . .        (no shield)
rNeg    . . .        c - +0 plate armour
rPois   +            r - +0 helmet
rElec   .            (no cloak)
rCorr   .            (no gloves)
SInv    .            (no boots)
Will    .....        (no amulet) Stlth
                     n - ring of poison resistance
HPRegen 0.32/turn    (no ring)
MPRegen 0.14/turn

%: no passive effects
@: no status effects
A: fangs 1, strong nose, distributed training
a: Renounce Religion, Berserk, Trog's Hand


You were on level 7 of the Dungeon.
You worshipped Trog.
Trog was most pleased with you.
You visited 1 branch of the dungeon, and saw 7 of its levels.

You collected 228 gold pieces.

Inventory:

Hand Weapons
 a - a +2 flail of draining (weapon)
 b - a +0 hand axe
Missiles
 p - 6 boomerangs
 s - 13 poisoned darts
Armour
 c - a +0 plate armour (worn)
 r - a +0 helmet (worn)
Jewellery
 n - a ring of poison resistance (left hand)
Wands
 q - a wand of flame (27)
Scrolls
 j - 2 scrolls of teleportation
Potions
 d - 2 potions of haste {unknown}
 e - 3 potions of attraction
 f - a potion of heal wounds {unknown}
 g - a potion of cancellation {unknown}
 h - 2 potions of curing {unknown}
 i - a potion of mutation {unknown}
 k - 2 potions of invisibility
 l - a potion of resistance {unknown}
 m - 3 potions of berserk rage
 o - a potion of enlightenment {unknown}
 u - a potion of might


   Skills:
 + Level 7.9 Fighting
 + Level 4.2 Short Blades
 + Level 4.2 Long Blades
 + Level 7.9 Axes
 + Level 4.2 Maces & Flails
 + Level 4.2 Polearms
 + Level 4.2 Staves
 + Level 4.2 Ranged Weapons
 + Level 4.2 Throwing
 + Level 6.3 Armour
 + Level 6.3 Dodging
 + Level 4.2 Stealth
 + Level 4.2 Shields
 + Level 4.2 Unarmed Combat
 + Level 4.2 Spellcasting
 + Level 3.5 Conjurations
 + Level 3.5 Hexes
 + Level 3.5 Summonings
 + Level 3.5 Necromancy
 + Level 3.5 Translocations
 + Level 3.5 Transmutations
 + Level 3.5 Fire Magic
 + Level 3.5 Ice Magic
 + Level 3.5 Air Magic
 + Level 3.5 Earth Magic
 + Level 3.5 Poison Magic
 + Level 4.6 Invocations
 + Level 4.2 Evocations
 + Level 3.5 Shapeshifting


You had 16 spell levels left.
You didn't know any spells.
Your spell library was empty.

Dungeon Overview and Level Annotations

Branches:
Dungeon (7/15)
 Temple: D:4-7

Altars:
Ashenzari
Elyvilon
Gozag
Hepliaklqana
Nemelex Xobeh
Qazlal
Xom

Annotations:
D:7 Menkaure


Innate Abilities, Weirdness & Mutations

You have very sharp teeth.
Your uncanny sense of smell can sniff out nearby items.
Your experience applies equally to all skills.


Message History

You feel yourself slow down.
You start waiting.
You feel yourself speed up.
You start waiting.
You recover from your berserk rage.
Menkaure, Prince of Dust comes into view.
Menkaure shouts!
Menkaure mumbles some strange words.
Menkaure seems to speed up.
You closely miss Menkaure. You bite Menkaure.
Menkaure is lightly damaged.
Menkaure hits you but does no damage.
You hit Menkaure.
Menkaure is moderately damaged.
Menkaure calls on the powers of darkness!
Your body is wracked with pain!
Menkaure closely misses you.
You hit Menkaure but do no damage.
Menkaure is moderately damaged.
Menkaure hits you!
You completely miss Menkaure. You bite Menkaure.
Menkaure is heavily damaged.
Menkaure hits you!
* * * LOW HITPOINT WARNING * * *
You hit Menkaure.
Menkaure is heavily damaged.
Menkaure hits you.
* * * LOW HITPOINT WARNING * * *
Menkaure gestures at you while chanting.
You struggle to resist.
You barely miss Menkaure.
Menkaure is heavily damaged.
Menkaure hits you but does no damage.
You hit Menkaure but do no damage.
Menkaure is heavily damaged.
Menkaure hits you but does no damage. Menkaure hits you!
* * * LOW HITPOINT WARNING * * *
You sock Menkaure! You punch Menkaure.
Menkaure is almost destroyed.
Menkaure hits you!
You die...

#....# #....#
##...# ##..##
# #...## #..
##...## #....
##...#......
#..........
##@...?....
#M...?.....
#...........
#...........
............
#.#........##
∆
#.##.....###
## #######


You could see Menkaure (fast).

Vanquished Creatures
  Pikel (D:4)
  Edmund (D:4)
  A water moccasin (D:7)
  2 ice beasts
  A sky beast (D:6)
  4 ogres
  The ghost of CraigForest the Shooter, an amateur FoHu (D:3)
  A centaur (D:6)
  2 phantoms
  A bullfrog (D:6)
  A hound (D:4)
  A jelly (D:7)
  An orc priest (D:4)
  Jessica (D:2)
  Terence (D:2)
  3 iguanas
  A sleepcap (D:7)
  Natasha (twice) (D:2)
  An orc wizard (D:4)
  Robin (D:3)
  5 adders
  8 gnolls
  A white imp (D:5)
  2 ufetubi (D:4)
  4 worms
  A dart slug (D:2)
  8 orcs
  4 bats
  4 endoplasms
  2 giant cockroaches
  11 goblins
  12 hobgoblins
  8 jackals (D:1)
  2 quokkas (D:3)
  3 ball pythons
  3 frilled lizards
  10 kobolds
  6 rats
122 creatures vanquished.

Notes
Turn   | Place    | Note
-------+----------+-------------------------------------------
     0 | D:1      | jejorda2 the Gnoll Berserker began the quest for the Orb.
     0 | D:1      | Reached XP level 1. HP: 23/23 MP: 1/1
    20 | D:1      | Reached XP level 2. HP: 29/29 MP: 2/2
   612 | D:1      | Reached XP level 3. HP: 35/35 MP: 3/3
   888 | D:2      | Noticed Jessica
   898 | D:2      | Killed Jessica
   899 | D:2      | Reached skill level 1 in Short Blades
   899 | D:2      | Reached skill level 1 in Long Blades
   899 | D:2      | Reached skill level 1 in Maces & Flails
   899 | D:2      | Reached skill level 1 in Polearms
   899 | D:2      | Reached skill level 1 in Staves
   899 | D:2      | Reached skill level 1 in Ranged Weapons
   899 | D:2      | Reached skill level 1 in Throwing
   899 | D:2      | Reached skill level 1 in Stealth
   899 | D:2      | Reached skill level 1 in Shields
   899 | D:2      | Reached skill level 1 in Unarmed Combat
   899 | D:2      | Reached skill level 1 in Spellcasting
   899 | D:2      | Reached skill level 1 in Invocations
   899 | D:2      | Reached skill level 1 in Evocations
   899 | D:2      | Reached XP level 4. HP: 30/41 MP: 5/5
  1008 | D:2      | Reached ** piety under Trog
  1167 | D:2      | Found a sparkling altar of Nemelex Xobeh.
  1195 | D:2      | Noticed Natasha
  1207 | D:2      | Killed Natasha
  1208 | D:2      | Reached skill level 1 in Conjurations
  1208 | D:2      | Reached skill level 1 in Hexes
  1208 | D:2      | Reached skill level 1 in Summonings
  1208 | D:2      | Reached skill level 1 in Necromancy
  1208 | D:2      | Reached skill level 1 in Translocations
  1208 | D:2      | Reached skill level 1 in Transmutations
  1208 | D:2      | Reached skill level 1 in Fire Magic
  1208 | D:2      | Reached skill level 1 in Ice Magic
  1208 | D:2      | Reached skill level 1 in Air Magic
  1208 | D:2      | Reached skill level 1 in Earth Magic
  1208 | D:2      | Reached skill level 1 in Poison Magic
  1208 | D:2      | Reached skill level 1 in Shapeshifting
  1379 | D:2      | Noticed Natasha
  1396 | D:2      | Killed Natasha
  1397 | D:2      | Reached XP level 5. HP: 25/47 MP: 5/7
  1485 | D:2      | Noticed Terence
  1496 | D:2      | Killed Terence
  1754 | D:3      | Found a faded altar of an unknown god.
  1781 | D:3      | Found a runed translucent door.
  1782 | D:3      | Noticed CraigForest's ghost (amateur FoHu)
  1797 | D:3      | Killed CraigForest's ghost
  1798 | D:3      | Reached XP level 6. HP: 53/53 MP: 8/8
  1923 | D:3      | Found a runed translucent door.
  2134 | D:3      | Noticed Robin
  2179 | D:3      | Killed Robin
  2180 | D:3      | Reached skill level 5 in Armour
  2180 | D:3      | Reached skill level 5 in Dodging
  2503 | D:4      | Reached XP level 7. HP: 51/59 MP: 10/10
  2577 | D:4      | Noticed Edmund
  2595 | D:4      | Killed Edmund
  2834 | D:4      | Found a shimmering altar of Xom.
  2881 | D:4      | Reached *** piety under Trog
  2929 | D:4      | Noticed Pikel
  2938 | D:4      | Killed Pikel
  2939 | D:4      | Reached XP level 8. HP: 67/67 MP: 10/12
  3013 | D:4      | Found an opulent altar of Gozag.
  3340 | D:4      | Found a hazy altar of Hepliaklqana.
  3393 | D:5      | Entered Level 5 of the Dungeon
  4200 | D:5      | Found a white marble altar of Elyvilon.
  4637 | D:6      | Found a broken altar of Ashenzari.
  4706 | D:6      | Reached XP level 9. HP: 71/73 MP: 14/14
  4755 | D:6      | Found a stormy altar of Qazlal.
  5274 | D:7      | Noticed Menkaure
  5283 | D:7      | Slain by Menkaure

Illustrated notes

Levels and vault maps discovered:
D:1:      co_arrival_square_in_a_square_in_a_square, layout_basic
D:2:      layout_basic, basic_altar, uniq_natasha, uniq_terence, uniq_jessica
D:3:      layout_rooms, ebering_ghost_sewer_f, shapermc_ecumenical_altar_gd,
          kennysheep_decorative_pillar, minmay_misc_feat_hallway, uniq_robin
D:4:      layout_rooms, mainiacjoe_overflow_cross_hatched,
          worldfamousw_hep_ancestral_shrine, lemuel_doored_altar,
          hex_intersection, uniq_edmund, uniq_pikel
D:5:      layout_basic, nicolae_elyvilon_temple_path
D:6:      layout_basic, nicolae_qazlal_eye_of_the_storm,
          mainiacjoe_overflow_surrounded_room, hangedman_decor_diamond_cutter
D:7:      layout_layer_cave, mainiacjoe_overflow_alcove_1,
          mainiacjoe_overflow_paths, minmay_temple_entry_large_hall,
          uniq_menkaure

Skill      XL: |  1  2  3  4  5  6  7  8  9 |
---------------+----------------------------+-----
Short Blades   | 1 2 3 4 |  4.2
Long Blades    | 1 2 3 4 |  4.2
Maces & Flails | 1 2 3 4 |  4.2
Polearms       | 1 2 3 4 |  4.2
Staves         | 1 2 3 4 |  4.2
Ranged Weapons | 1 2 3 4 |  4.2
Throwing       | 1 2 3 4 |  4.2
Stealth        | 1 2 3 4 |  4.2
Shields        | 1 2 3 4 |  4.2
Unarmed Combat | 1 2 3 4 |  4.2
Spellcasting   | 1 2 3 4 |  4.2
Invocations    | 1 2 3 4 |  4.6
Evocations     | 1 2 3 4 |  4.2
Conjurations   | 1 2 3 |  3.5
Hexes          | 1 2 3 |  3.5
Summonings     | 1 2 3 |  3.5
Necromancy     | 1 2 3 |  3.5
Translocations | 1 2 3 |  3.5
Transmutations | 1 2 3 |  3.5
Fire Magic     | 1 2 3 |  3.5
Ice Magic      | 1 2 3 |  3.5
Air Magic      | 1 2 3 |  3.5
Earth Magic    | 1 2 3 |  3.5
Poison Magic   | 1 2 3 |  3.5
Shapeshifting  | 1 2 3 |  3.5
Armour         | 5 6 |  6.3
Dodging        | 5 6 |  6.3
Fighting       | 7 |  7.9
Axes           | 7 |  7.9

Action                     |  1- 3 |  4- 6 |  7- 9 || total
---------------------------+-------+-------+-------++-------
  Melee: Hand axe          |    94 |   175 |    19 ||   288
         Bite              |     4 |    14 |    26 ||    44
         Punch             |     2 |     3 |    12 ||    17
         Flail             |       |       |   167 ||   167
  Throw: Dart              |       |       |     6 ||     6
 Invoke: Berserk           |     1 |     4 |     5 ||    10
    Use: Scroll            |       |       |    12 ||    12
 Armour: Animal skin       |     2 |       |       ||     2
         Plate armour      |    50 |    86 |   132 ||   268
  Dodge: Dodged            |    40 |    41 |    73 ||   154

Table legend: (Time is in decaauts)
 A = Elapsed time spent in this place.
 B = Non-inter-level travel time spent in this place.
 C = Inter-level travel time spent in this place.
 D = Time resting spent in this place.
 E = Time spent auto-exploring this place.
 F = Levels seen in this place.
 G = Mean time per level.
                   A        B        C        D        E       F      G
               +--------+--------+--------+--------+--------+-----+--------+
         Total |   5415 |   5262 |    153 |    428 |   3833 |   7 |  773.6 |
       Dungeon |   5415 |   5262 |    153 |    428 |   3833 |   7 |  773.6 |
               +--------+--------+--------+--------+--------+-----+--------+

Top non-repeatable levels by time:
     D:4: 896 daAuts
     D:2: 896 daAuts
     D:1: 861 daAuts
     D:5: 853 daAuts
     D:3: 820 daAuts
     D:6: 587 daAuts
     D:7: 501 daAuts
